woodfighter, chaotic female elven Rogue --------------- #..............| ----- ###|.......).....| |`...# # #..............| |>(.|# `## --------.------ |...|# # # -|---# ### # ## # # # # # ### # ### # # ## # #### ---.- # ## |#..| # |...| -@---- |...| |);}}| |...| .);}}| |...| |}}}}. |.<.. ;}}?| ----- ------ woodfighter the Cutpurse Experience level: 5 Strength: 12 Dexterity: 19 Constitution: 16 Intelligence: 12 Wisdom: 8 Charisma: 9 Health: 0(35) Energy: 29(29) Def: 4 Gold: 100 Moves: 2146 Dungeon seed: FbQZliKNv8NPMVFa Game ID: woodfighter_1515592782 Your Inventory: Coins $ - 100 gold pieces Weapons a - a +0 elven short sword (weapon in hand) w - a +0 elven dagger (in quiver) Armor e - an uncursed +1 leather armor (being worn) n - an uncursed +0 orcish helm (being worn) Comestibles d - an uncursed magic bean f - an uncursed egg i - 2 uncursed lichen corpses o - 3 uncursed food rations u - 2 uncursed sprigs of wolfsbane A - an uncursed tripe ration W - an uncursed orange Scrolls b - a cursed scroll of teleportation Potions c - a blessed potion of healing Rings T - an uncursed ring of polymorph control Wands h - a wand of opening (0:3) Tools g - an uncursed blindfold s - an uncursed sack y - an uncursed lock pick G - an uncursed towel Contents of the sack: 61 gold pieces an uncursed scroll of light a cursed scroll of light an uncursed spellbook of magic missile an uncursed potion of restore ability an uncursed [+0] pick-axe Spells and supernatural/magical abilities: Name Level Category Fail Memory W - pray for help -- divine ? -- Your skills at the end: Miscellaneous Skills wands [Basic] Weapon Skills dagger [Basic] short sword [Basic] Spellcasting Skills Final Attributes: You were piously aligned. You were sleep resistant. You had infravision. You were stealthy. You are dead. Vanquished creatures: a shrieker a kitten a kobold lord an iguana 3 rothes 2 jitterbugs a gas spore a hobbit an acid blob 2 large kobolds 4 geckos 2 giant rats a garter snake 3 jackals a kobold 10 newts 2 goblins 2 sewer rats 11 grid bugs 3 bats 5 lichens a kobold zombie 59 creatures vanquished. Voluntary challenges: You did not adorn yourself with jewelry or accessories. You did not cause conflict. You were not invisible. You did not have reflection. You were not displaced. You used a wielded weapon 72 times, starting on turn 2. You did not apply a unicorn horn. You did not use plumbed fixtures. You did not drink any magical draughts. You were illiterate. You never genocided any monsters. You never polymorphed an object. You never changed form. You used no wishes. You never split a pudding. You never wrote Elbereth's name. You never violated your personal moral code. Dungeon overview: The Dungeons of Doom: levels 1 to 7 Level 1 a long staircase Level 2 stairs to The Gnomish Mines Level 3 an altar to Mog, a fountain Level 4 a weapon shop, a fountain Level 5 (stash + water) an altar to Mog Level 6 <- You were here a sink Level 7 The Gnomish Mines: Level 3 stairs to The Dungeons of Doom History has recorded: On T:1 you entered the Dungeons of Doom to retrieve the Amulet of Yendor! On T:48 you reached level 2 of The Dungeons of Doom. On T:480 you advanced to experience level 2. On T:542 you reached level 1 of The Gnomish Mines. On T:584 you reached level 3 of The Dungeons of Doom. On T:828 you advanced to experience level 3. On T:868 you reached level 4 of The Dungeons of Doom. On T:1222 you reached level 5 of The Dungeons of Doom. On T:1379 you advanced to experience level 4. On T:1911 you reached level 6 of The Dungeons of Doom. On T:2048 you advanced to experience level 5. On T:2078 you reached level 7 of The Dungeons of Doom. Score breakdown: Gold: 161 ( 16 points) Experience: 5 levels ( 400 points) Exploration: 7 levels ( 180 points) Discoveries: 7 items ( 350 points) Variety of kills: 22 monsters ( 1100 points) Major goal: (nothing yet) ( 0 points) Survival: died (score multiplied by 3) Total score: 6138 Latest messages: The 2nd elven dagger hits the piranha. You throw 2 elven daggers. The 1st elven dagger hits the piranha. The 2nd elven dagger hits the piranha. The elven dagger hits the piranha. w - 4 +0 elven daggers (in quiver). The piranha bites! (2x) You displace kitty. The piranha bites! (2x) The piranha bites kitty. (2x) Kitty is killed! You throw 2 elven daggers. The 1st elven dagger hits the piranha. The 2nd elven dagger hits the piranha. The elven dagger hits the piranha. w - 2 +0 elven daggers (in quiver). The elven dagger hits the piranha. You hear a sceptre pounded in judgment. The elven dagger hits the piranha. The piranha bites! You die... Final status: Goodbye woodfighter the Rogue, killed by a piranha... You died in The Dungeons of Doom on dungeon level 6 with 6138 points, and 161 pieces of gold, after 2146 moves. You were level 5 with a maximum of 35 hit points when you died.